 Dungeon Crawl Stone Soup version 0.17.2-1-ge4368a0 (webtiles) character file.

60 Goblin1989 the Cudgeler (level 4, -2/39 HPs)
             Began as a Naga Gladiator on Oct 12, 2016.
             Slain by a gnoll
             ... wielding a +3 spear
              (10 damage)
             ... on level 2 of the Dungeon.
             The game lasted 00:05:51 (1828 turns).

Goblin1989 the Cudgeler (Naga Gladiator)            Turns: 1828, Time: 00:05:51

Health: -2/39      AC:  4    Str: 23    XL:     4   Next: 4%
Magic:  4/4        EV:  9    Int:  9    God:
Gold:   100        SH:  0    Dex: 11    Spells: 0 memorised, 3 levels left

rFire  . . .     SeeInvis +     a - +0 flail
rCold  . . .     Clarity  .     i - +0 ring mail
rNeg   . . .     SustAt   .     (no shield)
rPois  +         Gourm    .     c - +0 helmet
rElec  .         Spirit   .     (no cloak)
rCorr  .         Warding  .     (no gloves)
rMut   .         Stasis   .     (no barding)
MR     .....                    (no amulet)
Stlth  +.........               (no ring)
                                (no ring)

@: mighty, very slow, not resistant to hostile enchantments, very unstealthy
A: see invisible, deformed body, poison resistance, slowness 2, slow metabolism
1, spit poison 2, AC +1
a: Spit Poison


You were on level 2 of the Dungeon.
You were not hungry.

You visited 1 branch of the dungeon, and saw 2 of its levels.

You collected 100 gold pieces.

Inventory:

Hand Weapons
 a - a +0 flail (weapon)
Missiles
 Z - a throwing net (quivered)
Armour
 c - a +0 helmet (worn)
 i - a +0 ring mail (worn)
Scrolls
 b - 3 scrolls of identify {unknown}
 g - 2 scrolls of teleportation {unknown}
 h - 2 scrolls of magic mapping {unknown}
 k - a scroll of enchant armour {unknown}
 l - 2 scrolls of remove curse {unknown}
Comestibles
 e - a bread ration {@e1}
 n - 2 meat rations {@e2}
 o - 2 beef jerkies
 q - 2 chunks of flesh {@w0}


   Skills:
 - Level 2.0 Fighting
 + Level 4.8 Maces & Flails
 - Level 1.7 Throwing
 - Level 2.4 Dodging


You had 3 spell levels left.
You didn't know any spells.

Dungeon Overview and Level Annotations

Branches:
Dungeon (2/15)

Altars:


Innate Abilities, Weirdness & Mutations

You cannot wear boots.
Your serpentine skin is tough (AC +1).
You have supernaturally acute eyesight.
Armour fits poorly on your strangely shaped body.
Your system is resistant to poisons.
You cover ground very slowly.
You have a slow metabolism.
You can spit poison.


Message History

Your transformation is almost over.
The gnoll hits you but does no damage.
The gnoll hits you from afar with an enchanted spear.
* * * LOW HITPOINT WARNING * * *
You take 2 damage, and have 13/58 hp.
You swing at nothing.
The gnoll hits you but does no damage.
You swing at nothing.
The gnoll hits you but does no damage.
You swing at nothing.
The gnoll hits you but does no damage.
You swing at nothing.
The gnoll hits you but does no damage.
You swing at nothing.
The gnoll hits you from afar with an enchanted spear.
* * * LOW HITPOINT WARNING * * *
You take 1 damage, and have 13/58 hp.
You swing at nothing.
The gnoll hits you but does no damage.
You swing at nothing.
You feel less woody.
Your +0 helmet unmelds from your body.
Your +0 ring mail unmelds from your body.
The gnoll hits you from afar with an enchanted spear!
You die...

ਜ..ਜ...ਜ ਜਜਜਜਜ....ਜ.ਜ
▲..........ਜ
ਜਜਜਜਜਜ..ਜਜਜਜ ਜ......ਜ
ਜਜਜ.ਜਜ[ਜ ਜ....ਜ.ਜ
ਜ....ਜ.ਜ ਜਜਜਜ@ਜ.ਜਜਜ
ਜ)ਜ...ਜਜਜਜਜਜਜਜਜ
ਜ.ਜਜਜਜਜਜਜgਜਜਜ.ਜ.......ਜ
ਜ.....g..gਜ ਜ.ਜ.ਜਜਜਜਜ.ਜ
ਜ.ਜਜਜਜਜਜਜਜਜਜਜ.ਜ.ਜ ਜ.ਜ
ਜ......ਜ.ਜ ਜ.ਜ
ਜ.ਜਜਜਜ.ਜ.ਜ ਜ.ਜ
ਜ.ਜਜਜਜਜਜ.ਜ ਜ.ਜ
ਜ........ਜ ਜ.ਜ


You could see 2 gnolls.

Vanquished Creatures
  A gnoll (D:2)
  2 adders (D:2)
  A giant cockroach (D:1)
  6 goblins
  6 hobgoblins (D:1)
  4 kobolds
  2 ball pythons
  5 bats (D:1)
  A giant newt (D:1)
  4 rats (D:1)
32 creatures vanquished.

Notes
Turn   | Place    | Note
--------------------------------------------------------------
     0 | D:1      | Goblin1989 the Naga Gladiator began the quest for the Orb.
     0 | D:1      | Reached XP level 1. HP: 19/19 MP: 1/1
   128 | D:1      | Reached XP level 2. HP: 21/26 MP: 2/2
   761 | D:1      | Reached skill level 4 in Maces & Flails
   877 | D:1      | Reached XP level 3. HP: 23/32 MP: 3/3
  1794 | D:2      | HP: 1/48 [gnoll/enchanted spear (3)]
  1795 | D:2      | Reached XP level 4. HP: 1/39 MP: 4/4
  1828 | D:2      | Slain by a gnoll

Action                   |  1- 3 |  4- 6 || total
-------------------------+-------+-------++-------
Melee: Flail             |   130 |       ||   130
Throw: Throwing net      |     3 |     2 ||     5
  Use: Potion            |     4 |     2 ||     6
  Eat: Chunk             |     2 |       ||     2

Vault maps used:
D:1:      minmay_arrival_solitary_statue
D:2:      makhleb_heckhound_becter
